 Dungeon Crawl Stone Soup version 0.24.0-13-gcf9b319 (webtiles) character file.

Game seed: 17198933641510319161, levelgen mode: deterministic

281 shmeve the Chopper (level 6, -3/56 HPs)
             Began as a Minotaur Berserker on Apr 9, 2020.
             Was a Believer of Trog.
             Slain by an orc
             ... wielding a +0 club
              (5 damage)
             ... on level 4 of the Dungeon.
             The game lasted 00:03:36 (3099 turns).

shmeve the Chopper (Minotaur Berserker)             Turns: 3099, Time: 00:03:36

Health: -3/56      AC:  2    Str: 23    XL:     6   Next: 6%
Magic:  5/5        EV: 13    Int:  4    God:    Trog [**....]
Gold:   84         SH:  0    Dex: 10    Spells: 5/5 levels left

rFire    . . .     SeeInvis .   a - +0 hand axe
rCold    . . .     Gourm    .   (no shield)
rNeg     . . .     Faith    .   b - +0 animal skin
rPois    .         Spirit   .   (helmet restricted)
rElec    .         Reflect  .   (no cloak)
rCorr    .         Harm     .   (no gloves)
MR       ++...                  (no boots)
Stlth    +.........             (no amulet)
HPRegen  1.18/turn              (no ring)
MPRegen  0.09/turn              (no ring)

@: lethally poisoned (-3 -> -3), berserk cooldown, starving, regenerating,
slowed, very slow
A: retaliatory headbutt, horns 2
a: Berserk, Trog's Hand, Renounce Religion


You were on level 4 of the Dungeon.
You worshipped Trog.
Trog was pleased with you.
You were starving.

You visited 1 branch of the dungeon, and saw 4 of its levels.

You collected 84 gold pieces.

Inventory:

Hand Weapons
 a - a +0 hand axe (weapon)
Armour
 b - a +0 animal skin (worn)
Jewellery
 k - an uncursed ring of poison resistance {unknown}
 q - an uncursed ring of protection from magic {unknown}
Scrolls
 e - a scroll of blinking {unknown}
 f - 2 scrolls of identify {unknown}
 h - 4 scrolls of enchant armour {unknown}
 i - 3 scrolls of remove curse {unknown}
 n - a scroll of teleportation {unknown}
 o - 2 scrolls of immolation {unknown}
Potions
 d - a potion of ambrosia {unknown}
 j - 2 potions of mutation {unknown}
 l - 2 potions of flight {unknown}
 m - 2 potions of curing {unknown}
 p - a potion of agility {unknown}
Comestibles
 c - 6 rations


   Skills:
 * Level 5.2 Fighting
 * Level 5.4 Axes
 + Level 1.8 Throwing
 + Level 3.5 Armour
 + Level 3.4 Dodging


You had 5 spell levels left.
You didn't know any spells.
Your spell library was empty.

Dungeon Overview and Level Annotations

Branches:
Dungeon (4/15)
 Temple: D:4-7

Altars:
Nemelex Xobeh


Innate Abilities, Weirdness & Mutations

You reflexively headbutt those who attack you in melee.
You have a pair of horns on your head.


Message History

The adder skeleton bites you.
* * * LOW HITPOINT WARNING * * *
The orc hits you with a +0 club.
* * * LOW HITPOINT WARNING * * *
The phantom blinks!
The adder skeleton bites you but does no damage.
You hit the orc but do no damage.
The orc is moderately wounded.
You slash the adder skeleton!
* * * LOW HITPOINT WARNING * * *
You feel sick. The orc barely misses you.
The adder skeleton closely misses you.
An orc comes into view. It is wielding a +0 whip.
The orc closely misses you. The adder skeleton bites you.
* * * LOW HITPOINT WARNING * * *
Your skin crawls.
You feel resistant to hostile enchantments.
You are starving!
You feel sick. The orc hits you with a +0 club.
You die...

......#........
.......o........
................
.....................
..............$.......
.........).............
..............Zo.......
...........>...@W......
...............).......
.........†..)†.........
.............))........
.............))........
######.###############
########.# .........#
.........#


You could see a phantom, 2 orcs and an adder skeleton.

Vanquished Creatures
  A howler monkey (D:4)
  An orc priest (D:4)
  An orc wizard (D:4)
  Natasha (D:3)
  A worker ant (D:4)
  4 adders
  3 oozes (D:2)
  3 worms
  2 dart slugs
  A leopard gecko (D:2)
  7 orcs
  A ball python (D:4)
  3 giant cockroaches
  8 goblins
  10 hobgoblins
  9 jackals
  6 bats
  5 frilled lizards
  2 kobolds
  4 rats
73 creatures vanquished.

Notes
Turn   | Place    | Note
-------+----------+-------------------------------------------
     0 | D:1      | shmeve the Minotaur Berserker began the quest for the Orb.
     0 | D:1      | Reached XP level 1. HP: 19/19 MP: 0/0
    82 | D:1      | Reached XP level 2. HP: 25/27 MP: 1/1
   590 | D:1      | Reached XP level 3. HP: 28/33 MP: 2/2
   947 | D:1      | Reached ** piety under Trog
  1455 | D:2      | Reached XP level 4. HP: 17/41 MP: 3/3
  1677 | D:2      | Reached skill level 1 in Throwing
  2306 | D:3      | Found a sparkling altar of Nemelex Xobeh.
  2730 | D:3      | Noticed Natasha
  2743 | D:3      | Killed Natasha
  2743 | D:3      | Reached XP level 5. HP: 28/47 MP: 4/4
  2918 | D:3      | Reached skill level 5 in Axes
  3087 | D:4      | Reached skill level 5 in Fighting
  3091 | D:4      | Reached XP level 6. HP: 22/56 MP: 5/5
  3098 | D:4      | HP: 2/56 [poisoned by an adder]
  3099 | D:4      | Slain by an orc

Levels and vault maps discovered:
D:1:      dpeg_arrival_brainrot, layout_rooms
D:2:      layout_rooms, minmay_liquid_box
D:3:      layout_basic, lemuel_coloured_pillars_altar,
          cheibrodos_sewer_entry_bend, uniq_natasha
D:4:      layout_basic, minmay_temple_entry_tees, serial_shops,
          nicolae_shop_crystal

Skill      XL: |  1  2  3  4  5 |
---------------+----------------+-----
Axes           | 4 5 |  5.4
Fighting       | 4 5 |  5.2
Armour         | 3 |  3.5
Throwing       | 1 |  1.8
Dodging        | 3 |  3.4

Action                   |  1- 3 |  4- 6 || total
-------------------------+-------+-------++-------
Melee: Hand axe          |    83 |    75 ||   158
       Headbutt          |    12 |     6 ||    18
Invok: Berserk           |     1 |     1 ||     2
       Trog's Hand       |       |     2 ||     2
  Eat: Chunk             |     3 |     4 ||     7
Armor: Animal skin       |    25 |     6 ||    31
Dodge: Dodged            |    80 |    52 ||   132
